 Dungeon Crawl Stone Soup version 0.31-a0-216-g22e908daa7 (webtiles) character file.

Game seed: 10423834303725858848

275 qw the Chopper (level 6, -5/38 HPs)
             Began as a Gargoyle Fighter on July 2, 2023.
             Slain by an ogre
             ... wielding a +0 giant spiked club
              (27 damage)
             ... on level 4 of the Dungeon.
             The game lasted 00:01:45 (3290 turns).

qw the Chopper (Gargoyle Fighter)                   Turns: 3290, Time: 00:01:46

Health: -5/38      AC: 14    Str: 21    XL:     6   Next: 25%
Magic:  6/6        EV:  7    Int:  9    God:
Gold:   150        SH:  9    Dex:  9    Spells: 5/5 levels left

rFire   + . .        Y - +0 war axe
rCold   . . .        c - +0 buckler
rNeg    + . .        e - +0 chain mail
rPois   inf          s - +0 helmet
rElec   +            g - scarf {repulsion}
rCorr   .            (no gloves)
SInv    .            (no boots)
Will    .....        k - amulet of reflection Stlth
                     j - ring of protection from fire
HPRegen 0.26/turn    (no ring)
MPRegen 0.10/turn

%: repel missiles, reflection
@: no status effects
A: sickness immunity, AC +4, negative energy resistance 1, electricity
resistance, torment resistance 1, petrification resistance
a: no special abilities


You were on level 4 of the Dungeon.
You visited 1 branch of the dungeon, and saw 4 of its levels.

You collected 150 gold pieces.


Innate Abilities, Weirdness & Mutations

You are immune to sickness and miasma.
Your stone body is resilient. (AC +4)
You are immune to poison.
You resist negative energy. (rN+)
You are resistant to electric shocks. (rElec)
You are resistant to unholy torment.
You are immune to petrification.


   Skills:
 - Level 4.0 Fighting
 + Level 5.4 Axes
 - Level 3.2 Armour
 - Level 3.2 Shields


You had 5 spell levels left.
You didn't know any spells.
Your spell library was empty.

Inventory:

Hand Weapons
 b - a +0 flail
 Y - a +0 war axe (weapon)
Armour
 c - a +0 buckler (worn)
 e - a +0 chain mail (worn)
 g - a scarf of repulsion (worn)
 o - a +0 cloak
 s - a +0 helmet (worn)
Jewellery
 j - a ring of protection from fire (left hand)
 k - an amulet of reflection (around neck)
Scrolls
 a - a scroll of identify
 l - a scroll of silence {unknown}
 m - a scroll of vulnerability {unknown}
Potions
 d - a potion of might
 f - 2 potions of enlightenment
 h - a potion of attraction
 i - a potion of lignification
 n - 2 potions of curing
 q - a potion of invisibility {unknown}
 r - a potion of brilliance {unknown}

Dungeon Overview and Level Annotations

Branches:
Dungeon (4/15)
 Temple: D:4-7

Altars:
Zin


Message History

A giant cockroach comes into view.
Enter note:
Enter note: You hit the giant cockroach.
The giant cockroach is moderately wounded.
You block the giant cockroach's attack.
The giant cockroach bites you but does no damage.
You hit the giant cockroach but do no damage.
The giant cockroach is moderately wounded.
The giant cockroach bites you but does no damage.
You slash the giant cockroach!
You kill the giant cockroach!
You see here a giant cockroach corpse.
Found a stone staircase leading down.
Enter note:
Enter note:
Enter note: An ogre comes into view. It is wielding a +0 giant spiked club.
Found a stone staircase leading down.
The ogre shouts!
Enter note:
Enter note: You barely miss the ogre.
The ogre barely misses you.
You hit the ogre.
The ogre is lightly wounded.
The ogre barely misses you.
You slash the ogre!
The ogre is heavily wounded.
You block the ogre's attack.
You barely miss the ogre.
The ogre is heavily wounded.
The ogre hits you with a +0 giant spiked club!
You slash the ogre!
The ogre is almost dead.
You barely miss the ogre.
The ogre is almost dead.
The ogre hits you with a +0 giant spiked club!!
Ouch! That really hurt!
You die...

### ..# #.# #####.#
##...#># #
########......# #
.#### #.............#
......##.######......#
>.....O@.# ##...#.#
.######### ##.##.#
###############.##.#
#.............#.##.#
#############.#.##.#
#.#.#..# #.#.#.##
#.#.#.# #.#.#.#


You could see an ogre.

Vanquished Creatures
  An orc priest (D:3)
  An orc wizard (D:4)
  5 gnolls
  6 adders
  2 dart slugs (D:1)
  2 worms (D:2)
  15 orcs
  7 ball pythons
  5 bats
  6 endoplasms
  3 giant cockroaches
  9 goblins
  13 hobgoblins
  3 kobolds
  5 quokkas
  A frilled lizard (D:2)
  5 rats
89 creatures vanquished.

Notes
Turn   | Place    | Note
-------+----------+-------------------------------------------
     0 | D:1      | qw the Gargoyle Fighter began the quest for the Orb.
     0 | D:1      | Reached XP level 1. HP: 14/14 MP: 1/1
     0 | D:1      | 0 ||| qw: Version: 0.3-a-40-ge99b1a8
     0 | D:1      | 0 ||| qw: Game counter: 7948
     0 | D:1      | 0 ||| qw: Melee chars always use a shield: true
     0 | D:1      | 0 ||| qw: God list: Okawaru
     0 | D:1      | 0 ||| qw: Allow faded altars: false
     0 | D:1      | 0 ||| qw: Do Orc after clearing Dungeon:15 true
     0 | D:1      | 0 ||| qw: Do second Lair branch before Depths: true
     0 | D:1      | 0 ||| qw: Lair rune preference: random
     0 | D:1      | 0 ||| qw: Goals: Normal, Zot:1-4, Slime:5, God:TSO, Crypt,
                  | Tomb, Abyss, Pan, Hells, Win
     0 | D:1      | 0 ||| PLANNING D:1-11
    40 | D:1      | Reached skill level 2 in Axes
    41 | D:1      | 41 ||| Stepping ~*~*~tactically~*~*~ (stealth).
    75 | D:1      | Reached XP level 2. HP: 19/19 MP: 2/2
   452 | D:1      | 452 ||| Stepping ~*~*~tactically~*~*~ (stealth).
   455 | D:1      | 455 ||| Stepping ~*~*~tactically~*~*~ (stealth).
   517 | D:1      | Reached skill level 3 in Axes
   532 | D:1      | Reached XP level 3. HP: 23/23 MP: 3/3
   682 | D:1      | 682 ||| UPGRADING to +0 chain mail.
   692 | D:1      | 692 ||| DROPPING +0 scale mail.
   693 | D:1      | 693 ||| UPGRADING to scarf of repulsion.
   698 | D:1      | 698 ||| DROPPING +6 ring of intelligence.
   699 | D:1      | 699 ||| READING 3 scrolls labelled OTANISCHURITZ.
   700 | D:1      | 700 ||| READING 2 scrolls of identify.
   700 | D:1      | 700 ||| IDENTIFYING golden potion
  1125 | D:2      | Reached XP level 4. HP: 28/28 MP: 4/4
  1397 | D:2      | 1397 ||| UPGRADING to ring of protection from fire.
  1398 | D:2      | 1398 ||| READING scroll labelled HYTREEWEBRU.
  1399 | D:2      | 1399 ||| READING scroll labelled LECACEUDUCSUA.
  1403 | D:2      | 1403 ||| READING scroll labelled BEITUL DUWK.
  1404 | D:2      | 1404 ||| DRINKING 2 glowing amethyst potions.
  1405 | D:2      | 1405 ||| READING 2 scrolls of identify.
  1405 | D:2      | 1405 ||| IDENTIFYING viscous green potion
  1442 | D:3      | 1442 ||| Stepping ~*~*~tactically~*~*~ (hiding).
  1457 | D:3      | Reached skill level 4 in Axes
  1457 | D:3      | HP: 2/28 [orc/+0 trident (6)]
  1564 | D:3      | 1564 ||| DROPPING +0 club.
  1774 | D:3      | Reached XP level 5. HP: 32/32 MP: 5/5
  2066 | D:3      | Found a glowing silver altar of Zin.
  2582 | D:3      | 2582 ||| UPGRADING to +0 helmet.
  2587 | D:3      | 2587 ||| UPGRADING to amulet of reflection.
  2592 | D:3      | 2592 ||| DROPPING ring of wizardry.
  2593 | D:3      | 2593 ||| DRINKING 3 purple potions.
  2594 | D:3      | 2594 ||| DRINKING 2 clear potions.
  2698 | D:3      | 2698 ||| DROPPING potion of berserk rage.
  2808 | D:4      | Reached skill level 5 in Axes
  2814 | D:4      | 2814 ||| Stepping ~*~*~tactically~*~*~ (hiding).
  2828 | D:4      | 2828 ||| Stepping ~*~*~tactically~*~*~ (hiding).
  2830 | D:4      | 2830 ||| Stepping ~*~*~tactically~*~*~ (hiding).
  3013 | D:4      | Reached XP level 6. HP: 28/38 MP: 6/6
  3016 | D:4      | 3016 ||| FLEEEEING.
  3020 | D:4      | 3020 ||| FLEEEEING.
  3021 | D:4      | 3021 ||| FLEEEEING.
  3022 | D:4      | 3022 ||| FLEEEEING.
  3024 | D:4      | 3024 ||| FLEEEEING.
  3025 | D:4      | 3025 ||| FLEEEEING.
  3026 | D:4      | 3026 ||| FLEEEEING.
  3027 | D:4      | 3027 ||| FLEEEEING.
  3028 | D:4      | 3028 ||| FLEEEEING.
  3029 | D:4      | 3029 ||| FLEEEEING.
  3030 | D:4      | 3030 ||| FLEEEEING.
  3031 | D:4      | 3031 ||| FLEEEEING.
  3032 | D:4      | 3032 ||| FLEEEEING.
  3035 | D:4      | 3035 ||| FLEEEEING.
  3036 | D:4      | 3036 ||| STAIRDANCE
  3048 | D:3      | 3048 ||| READING scroll labelled ECOK EDGHENNA.
  3049 | D:3      | 3049 ||| READING 2 scrolls of identify.
  3049 | D:3      | 3049 ||| IDENTIFYING murky clear potion
  3050 | D:3      | 3050 ||| DROPPING potion of ambrosia.
  3108 | D:4      | 3108 ||| Stepping ~*~*~tactically~*~*~ (stealth).
  3148 | D:4      | 3148 ||| Stepping ~*~*~tactically~*~*~ (hiding).
  3149 | D:4      | 3149 ||| Stepping ~*~*~tactically~*~*~ (hiding).
  3156 | D:4      | 3156 ||| Stepping ~*~*~tactically~*~*~ (hiding).
  3290 | D:4      | Slain by an ogre

Levels and vault maps discovered:
D:1:      spicycebolla_green_bress_n_ham, layout_loops_ring
D:2:      layout_basic
D:3:      layout_basic, mainiacjoe_overflow_boulevard, minmay_box_of_dots
D:4:      layout_loops_ring, hellmonk_okawaru_the_only_friend_you_need,
          doesnt_xom_only_xom, serial_shops, shop

Skill      XL: |  1  2  3  4  5 |
---------------+----------------+-----
Axes           | 2 3 4 5 |  5.4
Fighting       | 4 |  4.0
Armour         | |  3.2
Shields        | |  3.2

Action                     |  1- 3 |  4- 6 || total
---------------------------+-------+-------++-------
  Melee: War axe           |   102 |   161 ||   263
  Throw: Boomerang         |       |     3 ||     3
    Use: Scroll            |     2 |     6 ||     8
         Potion            |       |     3 ||     3
 Armour: Scale mail        |    16 |       ||    16
         Chain mail        |    37 |    90 ||   127
  Dodge: Dodged            |    35 |    47 ||    82
  Block: Buckler           |    17 |    44 ||    61
         Reflection        |       |     3 ||     3

Table legend:
 A = Non-vault XP
 B = Vault XP
 C = Vault XP percentage of total XP
 D = Non-vault monster count
 E = Vault monster count
 F = Vault count percentage of total count
                 A         B        C        D         E       F
            +---------+---------+-------+---------+---------+-------
      Total |     377 |      17 |   4.3 |      87 |       2 |   2.2
            +---------+---------+-------+---------+---------+-------
        D:1 |      36 |       0 |   0.0 |      19 |       0 |   0.0
        D:2 |      52 |       0 |   0.0 |      19 |       0 |   0.0
        D:3 |     114 |      17 |  13.0 |      24 |       2 |   7.7
        D:4 |     175 |       0 |   0.0 |      25 |       0 |   0.0
            +---------+---------+-------+---------+---------+-------
